 Dungeon Crawl Stone Soup version 0.28.0-1-gb440e238dd (webtiles) character file.

Game seed: 2944764658437074980

1024 arthad the Shield-Bearer (level 8, -1/61 (63) HPs)
             Began as a Formicid Fighter on Feb 25, 2022.
             Was an Initiate of Gozag.
             Slain by a two-headed ogre (26 damage)
             ... on level 6 of the Dungeon.
             The game lasted 00:13:19 (5197 turns).

arthad the Shield-Bearer (Formicid Fighter)         Turns: 5197, Time: 00:13:20

HP:   -1/61 (63)    AC: 13    Str: 20 (23) XL:     8   Next: 46%
MP:   9/9           EV:  6    Int:  5 (8)  God:    Gozag
Gold: 512           SH:  5    Dex:  9 (10) Spells: 5/9 levels left

rFire   + . .      SeeInvis +   a - +0 war axe
rCold   . . .      Faith    .   c - +0 buckler
rNeg    . . .      Spirit   .   g - +0 plate armour
rPois   .          Reflect  .   (helmet unavailable)
rElec   .          Harm     .   x - scarf {repulsion}
rCorr   .          Rampage  .   l - +0 pair of gloves
Will    .....                   (no boots)
Stlth   ..........              t - amulet of the acrobat
HPRegen 0.20/turn               k - ring of wizardry
MPRegen 0.11/turn               n - ring of protection from fire

@: lightly drained, repel missiles
A: permanent stasis, dig shafts and tunnels, antennae 3, four strong arms
a: Dig, Shaft Self, Renounce Religion, Potion Petition, Call Merchant, Bribe
Branch


You were on level 6 of the Dungeon.
You worshipped Gozag.
Gozag was pleased with you.
You visited 1 branch of the dungeon, and saw 6 of its levels.

You collected 530 gold pieces.
You paid 18 gold pieces to Gozag.

Inventory:

Hand Weapons
 a - a +0 war axe (weapon)
 d - a +0 whip of flaming
 y - a +3 vampiric halberd
Missiles
 p - 3 atropa-tipped darts
 z - 4 javelins
Armour
 b - a +0 scale mail
 c - a +0 buckler (worn)
 g - a +0 plate armour (worn)
 l - a +0 pair of gloves (worn)
 x - a scarf of repulsion (worn)
Jewellery
 j - a ring of ice
 k - a ring of wizardry (left hand)
 n - a ring of protection from fire (right hand)
 t - an amulet of the acrobat (around neck)
Scrolls
 f - a scroll of noise {unknown}
 o - 2 scrolls of identify {unknown}
 q - 2 scrolls of teleportation {unknown}
 r - a scroll of brand weapon {unknown}
 u - a scroll of fog {unknown}
 v - a scroll of enchant armour {unknown}
Potions
 h - a potion of magic
 i - a potion of flight
 s - a potion of curing


   Skills:
 * Level 5.5 Fighting
 * Level 4.5 Axes
 * Level 5.6 Armour
 + Level 2.4 Dodging
 * Level 6.3 Shields
 + Level 1.2 Spellcasting
 + Level 1.0 Conjurations
 + Level 1.0 Translocations


You had 5 spell levels left.
You knew the following spells:

 Your Spells              Type           Power      Damage    Failure   Level
a - Iskenderun's Mystic   Conj/Tloc      1%         2d3       100%        4

Your spell library contained the following spells:

 Spells                   Type           Power      Damage    Failure   Level
 Slow                     Hex            0%         N/A       99%         1
 Confusing Touch          Hex            0%         N/A       100%        3
 Dazzling Flash           Conj/Hex       0%         N/A       100%        3
 Ignite Poison            Fire/Tmut/Pois 0%         N/A       100%        3
 Spider Form              Tmut/Pois      0%         N/A       100%        3
 Vampiric Draining        Necr           0%         2d6       100%        3
 Fireball                 Conj/Fire      0%         3d3       100%        5
 Eringya's Noxious Bog    Tmut/Pois      0%         N/A       100%        6
 Starburst                Conj/Fire      0%         6d3       100%        6


Dungeon Overview and Level Annotations

Branches:
Dungeon (6/15)
 Temple: D:4-7

Altars:
Gozag
Wu Jian

Shops:
D:5 (

Annotations:
D:5 Prince Ribbit


Innate Abilities, Weirdness & Mutations

You cannot be hasted, slowed, berserked, paralysed or teleported.
You can dig through walls and to a lower floor.
You have a pair of large antennae on your head. (SInv)
Your four strong arms can wield two-handed weapons with a shield.


Message History

The centaur zombie is heavily damaged.
You hear two shouts!
The orc seems less confused.
The centaur zombie barely misses you.
The centaur zombie kicks you but does no damage.
You hit the centaur zombie.
The centaur zombie is severely damaged.
You block the centaur zombie's attack.
The centaur zombie kicks you but does no damage.
You slash the two-headed ogre!
The two-headed ogre is lightly wounded.
The orc is no longer blind.
You hit the two-headed ogre but do no damage.
The two-headed ogre is lightly wounded.
You block the two-headed ogre's attack.
The two-headed ogre hits you with a +0 giant spiked club!
You hit the two-headed ogre.
The two-headed ogre is moderately wounded.
The two-headed ogre hits you with a +0 dire flail.
The two-headed ogre hits you with a +0 giant spiked club!
You block the two-headed ogre's attack. x2
Throw: 4 darts (atropa)
Press: ? - help, Shift-Dir - straight line, f/p - orc
Aim: an orc, wielding a +0 club, wearing a +0 ring mail and quivering boomerangs (60% to hit, chance to blind on hit: 100%)
You throw an atropa-tipped dart.
The atropa-tipped dart hits the two-headed ogre.
The two-headed ogre resists.
The two-headed ogre is moderately wounded.
Unknown command.
Unknown command.
Casting: Iskenderun's Mystic Blast (potentially lethal; 100% risk of failure)
Confirm with . or Enter, or press ? or * to list all spells.
Okay, then.
Okay, then.
Okay, then.
You hit the two-headed ogre but do no damage.
The two-headed ogre is moderately wounded.
The two-headed ogre completely misses you.
The two-headed ogre hits you with a +0 giant spiked club!!
You die...
Your body crumbles into a pile of gold.

. # ...#####
.## .....##.
##..## .....#.
..... .. ......
... ...
##.##!#.#
....##...##@.#
.........oO###
........<.Z#
...........#
..........##
...........#
..............
..............#
.....#...##...#


You could see a two-headed ogre, an orc and a centaur zombie.

Vanquished Creatures
  Pikel (D:5)
  Sigmund (D:2)
  2 lemures (D:5)
  A hound (D:4)
  An orc priest (D:4)
  3 orc wizards (D:4)
  A hound zombie (D:5)
  A hound skeleton (D:4)
  7 gnolls
  6 adders
  An ufetubus (D:4)
  3 adder skeletons (D:4)
  2 worms (D:3)
  2 dart slugs
  13 orcs
  6 bats
  9 endoplasms
  4 giant cockroaches
  5 goblins
  9 hobgoblins
  7 jackals
  4 quokkas
  4 ball pythons
  4 kobolds
  6 rats
103 creatures vanquished.

Vanquished Creatures (others)
  32 plants (D:4)
32 creatures vanquished.

Grand Total: 135 creatures vanquished

Notes
Turn   | Place    | Note
-------+----------+-------------------------------------------
     0 | D:1      | arthad the Formicid Fighter began the quest for the Orb.
     0 | D:1      | Reached XP level 1. HP: 18/18 MP: 1/1
   178 | D:1      | Reached XP level 2. HP: 24/24 MP: 2/2
   386 | D:1      | Reached XP level 3. HP: 27/29 MP: 3/3
   433 | D:1      | Found a faded altar of an unknown god.
   603 | D:1      | Reached skill level 4 in Shields
  1357 | D:2      | Reached XP level 4. HP: 28/37 MP: 4/4
  1762 | D:2      | Found an opulent altar of Gozag.
  1772 | D:2      | Reached skill level 1 in Dodging
  1774 | D:2      | Became a worshipper of Gozag Ym Sagoz the Greedy
  1835 | D:2      | Noticed Sigmund
  1850 | D:2      | Killed Sigmund
  1851 | D:2      | Reached XP level 5. HP: 39/43 MP: 5/5
  1851 | D:2      | Reached XP level 6. HP: 45/49 MP: 6/6
  2410 | D:3      | Reached skill level 5 in Shields
  3067 | D:4      | Reached XP level 7. HP: 35/55 MP: 7/7
  3403 | D:4      | Reached skill level 5 in Armour
  3899 | D:4      | Found an ornate altar of the Wu Jian Council.
  3979 | D:5      | Entered Level 5 of the Dungeon
  3984 | D:5      | Got Sif Muna's Incunabulum of Torrid Toxins
  3990 | D:5      | Learned a level 4 spell: Iskenderun's Mystic Blast
  4055 | D:5      | Noticed Pikel
  4069 | D:5      | Killed Pikel
  4070 | D:5      | Reached skill level 5 in Fighting
  4070 | D:5      | Reached skill level 6 in Shields
  4070 | D:5      | Reached skill level 1 in Spellcasting
  4070 | D:5      | Reached skill level 1 in Conjurations
  4070 | D:5      | Reached skill level 1 in Translocations
  4070 | D:5      | Reached XP level 8. HP: 14/63 MP: 7/9
  4384 | D:5      | Found Giwi's Weapon Emporium.
  4829 | D:6      | Noticed Prince Ribbit
  4833 | D:6      | Noticed a two-headed ogre
  5197 | D:6      | Slain by a two-headed ogre

Illustrated notes

Levels and vault maps discovered:
D:1:      dpeg_arrival_arbitrary_c, layout_basic,
          dreamdust_ecumenical_altar_hidden_monk_grotto, minmay_tromino_i4
D:2:      minmay_alternating_diamond, layout_loops_ring, basic_altar,
          uniq_sigmund
D:3:      layout_rooms
D:4:      layout_loops_ring, nzn_wu_jian_contemplation, serial_bayou,
          serial_bayou_pond_d, serial_bayou_pond_a, serial_bayou_pond_e,
          serial_bayou_pond_b, serial_bayou_pond_c, st_stairs_3
D:5:      due_chaos_kobolds, layout_gridville, serial_shops,
          nicolae_shop_hallway_stairs, minmay_door_square, uniq_pikel,
          uniq_grinder
D:6:      layout_cave_pools, general_overflow_altar, minmay_temple_entry_hall,
          biasface_ghost_orc_armoury, uniq_blork_the_orc, uniq_prince_ribbit1

Skill      XL: |  1  2  3  4  5  6  7 |
---------------+----------------------+-----
Shields        | 4 5 6 |  6.3
Dodging        | 1 2 |  2.4
Fighting       | 4 5 |  5.5
Axes           | 3 4 |  4.5
Armour         | 4 5 |  5.6
Spellcasting   | 1 |  1.2
Conjurations   | 1 |  1.0
Translocations | 1 |  1.0

Action                   |  1- 3 |  4- 6 |  7- 9 || total
-------------------------+-------+-------+-------++-------
Melee: War axe           |    97 |   101 |   135 ||   333
Throw: Dart              |       |     5 |     5 ||    10
 Abil: Dig               |       |       |     1 ||     1
  Use: Potion            |       |       |     9 ||     9
Armor: Plate armour      |    66 |    64 |    91 ||   221
       Scale mail        |     3 |       |       ||     3
Dodge: Dodged            |    33 |    28 |    59 ||   120
       Repelled          |       |       |     1 ||     1
Block: Buckler           |    27 |    19 |    50 ||    96
